[Event "January 9 Late 2024"]
[Site "https://www.chess.com"]
[Date "2024.01.09"]
[Round "5"]
[White "Nagare Kaivalya Sandip"]
[Black "Svane, Rasmus"]
[Result "0-1"]
[Board "25"]
[TimeControl "180+1"]
[WhiteFideId "25957929"]
[BlackFideId "4657101"]
[WhiteElo "2735"]
[BlackElo "3005"]
[WhiteTeam "IND"]
[BlackTeam "GER"]
[WhiteClock "0:00:32"]
[BlackClock "0:00:06"]

1. e4 c6 2. d4 d5 3. e5 Bf5 4. h4 h5 5. c4 e6 6. Nc3 Ne7 7. Nge2 Nd7 8. Ng3 Bg6 9. Bg5 Qb6 10. Rc1 Qxb2 11. Bd3 dxc4 12. Bxc4 Nb6 13. Bd3 Bxd3 14. Qxd3 Qa3 15. O-O Ned5 16. Nge4 Bb4 17. Qg3 Nxc3 18. Nxc3 Nd5 19. Nxd5 exd5 20. Be3 O-O 21. Qg5 g6 22. g4 Be7 23. Qf4 hxg4 24. Qxg4 Qd3 25. h5 Qf5 26. Qxf5 gxf5 27. Kg2 Kh7 28. Kf3 Rg8 29. Rg1 f6 30. e6 Bd6 31. Bf4 Be7 32. Be3 Rae8 33. Kf4 Rg5 34. Rxg5 fxg5+ 35. Kxf5 Kh6 36. f4 Rf8+ 37. Kg4 gxf4 38. Bxf4+ Kh7 39. Be5 Rc8 40. Rf1 Rg8+ 41. Kh3 Kh6 42. Rf7 Bg5 43. e7 Re8 44. Bd6 Kxh5 45. Rf8 Bxe7 46. Rxe8 Bxd6 47. Ra8 a6 48. Ra7 c5 49. dxc5 Bxc5 50. Rxb7 Kg5 51. Kg3 Kf5 52. Kf3 Ke5 53. Ke2 Kd6 54. Kd3 Kc6 55. Rh7 Bb6 56. Kc3 Kb5 57. Kb3 Bc5 58. Rh5 Kc6 59. Rg5 Bb6 60. Kc3 Kc5 61. Rg8 Ba5+ 62. Kb3 Bb6 63. Rc8+ Kb5 64. a4+ Ka5 65. Rc6 Ba7 66. Rd6 d4 67. Rd5+ Kb6 68. Rxd4 Kc6 69. Rh4 Bc5 70. Rh6+ Kb7 71. Kc4 Bb6 72. Kd5 Be3 73. Kc4 Bxh6 74. Kc5 Bf8+ 75. Kc4 Kb6 76. Kc3 Ka5 77. Kb3 Be7 0-1

[Event "January 9 Late 2024"]
[Site "https://www.chess.com"]
[Date "2024.01.09"]
[Round "5"]
[White "Weetik, Vjacheslav"]
[Black "Deac, Bogdan-Daniel"]
[Result "0-1"]
[Board "26"]
[TimeControl "180+1"]
[WhiteFideId "4153472"]
[BlackFideId "1226380"]
[WhiteElo "2733"]
[BlackElo "2998"]
[WhiteTeam "RUS"]
[BlackTeam "ROU"]
[WhiteClock "0:00:10"]
[BlackClock "0:00:08"]

1. d4 Nf6 2. c4 e6 3. g3 d5 4. Nf3 dxc4 5. Bg2 a6 6. O-O Nc6 7. Nc3 Rb8 8. e4 Be7 9. Qe2 b5 10. Rd1 Nb4 11. Ne5 Nd7 12. Nf3 O-O 13. b3 cxb3 14. axb3 Bb7 15. h4 Rc8 16. Bb2 Qe8 17. Ng5 h6 18. Nh3 c5 19. d5 exd5 20. exd5 Bf6 21. Ne4 Bxb2 22. Qxb2 Qe5 23. Qxe5 Nxe5 24. Nd6 Rb8 25. Nf4 Rfd8 26. Nf5 Kf8 27. Rac1 Rbc8 28. h5 c4 29. bxc4 Rxc4 30. Bf1 Rxc1 31. Rxc1 Nxd5 32. Rd1 Rd7 33. Re1 Nf3+ 0-1

[Event "January 9 Late 2024"]
[Site "https://www.chess.com"]
[Date "2024.01.09"]
[Round "5"]
[White "Shankland, Sam"]
[Black "Akobian, Varuzhan"]
[Result "1-0"]
[Board "27"]
[TimeControl "180+1"]
[WhiteFideId "2004887"]
[BlackFideId "13300580"]
[WhiteElo "2976"]
[BlackElo "2730"]
[WhiteTeam "USA"]
[BlackTeam "USA"]
[WhiteClock "0:00:56"]
[BlackClock "0:00:00"]

1. e4 d6 2. d4 Nf6 3. Nc3 c6 4. Be3 Qb6 5. a3 Ng4 6. Bc1 e5 7. Nf3 Nd7 8. h3 Ngf6 9. Bc4 Be7 10. O-O O-O 11. Be3 Qc7 12. Ba2 b5 13. Nh4 Re8 14. Nf5 Bf8 15. d5 Bb7 16. dxc6 Bxc6 17. Qf3 a5 18. b4 axb4 19. axb4 Qb7 20. Bb3 Rxa1 21. Rxa1 Ra8 22. Rd1 Qc7 23. g4 Ra3 24. g5 Rxb3 25. gxf6 Rxc3 26. fxg7 f6 27. Nh6+ Kxg7 28. Qg4+ 1-0

[Event "January 9 Late 2024"]
[Site "https://www.chess.com"]
[Date "2024.01.09"]
[Round "5"]
[White "Arabidze, Meri"]
[Black "Anton Guijarro, David"]
[Result "0-1"]
[Board "28"]
[TimeControl "180+1"]
[WhiteFideId "13604040"]
[BlackFideId "2285525"]
[WhiteElo "2728"]
[BlackElo "2974"]
[WhiteTeam "GEO"]
[BlackTeam "ESP"]
[WhiteClock "0:00:09"]
[BlackClock "0:00:30"]

1. Nf3 e6 2. c4 g5 3. h3 Bg7 4. d4 h6 5. Nc3 Ne7 6. e4 d6 7. Be2 O-O 8. Be3 f5 9. exf5 Nxf5 10. Bc1 Nc6 11. d5 Ncd4 12. Nxd4 Nxd4 13. Bg4 exd5 14. Bxc8 Qxc8 15. Nxd5 Re8+ 16. Be3 c6 17. Nc3 Nf5 18. O-O Nxe3 19. fxe3 Qe6 20. e4 Qxc4 21. Qxd6 Qd4+ 22. Qxd4 Bxd4+ 23. Kh2 Be5+ 24. Kg1 Rad8 25. Rad1 Rxd1 26. Rxd1 Kf7 27. Rd7+ Re7 28. Rxe7+ Kxe7 29. Kf2 Bxc3 30. bxc3 Ke6 31. Ke3 Ke5 32. g3 b5 33. Kd3 c5 34. a3 h5 35. Ke3 g4 36. hxg4 hxg4 37. Kd3 c4+ 38. Ke3 a6 39. Kd2 Kxe4 40. Ke2 a5 0-1

[Event "January 9 Late 2024"]
[Site "https://www.chess.com"]
[Date "2024.01.09"]
[Round "5"]
[White "Fressinet, Laurent"]
[Black "Rozman, Levy"]
[Result "1-0"]
[Board "29"]
[TimeControl "180+1"]
[WhiteFideId "608742"]
[BlackFideId "2039877"]
[WhiteElo "2969"]
[BlackElo "2714"]
[WhiteTeam "FRA"]
[BlackTeam "USA"]
[WhiteClock "0:00:45"]
[BlackClock "0:00:27"]

1. d4 d5 2. Nf3 Nf6 3. Bg5 e6 4. Nbd2 Be7 5. e3 h6 6. Bh4 O-O 7. Bd3 b6 8. Ne5 Nfd7 9. Bxe7 Qxe7 10. f4 Nxe5 11. fxe5 Ba6 12. Bxa6 Nxa6 13. O-O c5 14. c3 Qg5 15. Qe1 Nc7 16. Nf3 Qe7 17. Qg3 Kh8 18. Rf2 b5 19. Raf1 b4 20. Nh4 Kg8 21. Rf6 Kh8 22. Qf4 Kg8 23. Qg4 Kh8 24. Qh5 Kg8 25. R1f3 Ne8 26. Ng6 fxg6 27. Rxf8+ Kh7 28. Qg4 Nf6 29. R8xf6 gxf6 30. Rxf6 Rg8 31. Qxe6 Qxe6 32. Rxe6 bxc3 33. bxc3 g5 34. Rd6 cxd4 35. cxd4 1-0

[Event "January 9 Late 2024"]
[Site "https://www.chess.com"]
[Date "2024.01.09"]
[Round "5"]
[White "Adewumi, Tanitoluwa"]
[Black "Salem, A.R. Saleh"]
[Result "0-1"]
[Board "30"]
[TimeControl "180+1"]
[WhiteFideId "30966396"]
[BlackFideId "9301348"]
[WhiteElo "2709"]
[BlackElo "2965"]
[WhiteTeam "USA"]
[BlackTeam "UAE"]
[WhiteClock "0:00:00"]
[BlackClock "0:00:04"]

1. e4 c5 2. Nf3 d6 3. c3 Nf6 4. Bd3 g6 5. Bc2 Bg7 6. d4 cxd4 7. cxd4 Nc6 8. Nc3 O-O 9. h3 e5 10. d5 Nb4 11. Bb1 Bd7 12. O-O a5 13. a3 Na6 14. Be3 Rc8 15. Re1 b5 16. Bd3 Nc5 17. b4 axb4 18. axb4 Nxd3 19. Qxd3 Rc4 20. Nd2 Rxb4 21. Reb1 Rxb1+ 22. Rxb1 Ne8 23. Nxb5 f5 24. Nc4 fxe4 25. Qc2 Qe7 26. Nb6 Bf5 27. Nc8 Qd7 28. Nb6 Qd8 29. Qc6 g5 30. Rc1 g4 31. hxg4 Bxg4 32. Nc7 Nxc7 33. Qxc7 Qxc7 34. Rxc7 Rb8 35. Rc6 Bf8 36. Nc4 Rd8 37. Bg5 Rd7 38. Ne3 Bh5 39. Bf6 Kf7 40. Bg5 Bg6 41. Nc4 h6 42. Be3 Be7 43. Bb6 Bf5 44. Bc7 e3 45. fxe3 Be4 46. Bxd6 Bxd5 47. Nxe5+ Ke6 48. Bxe7+ Bxc6 49. Nxc6 Rc7 50. Nd4+ Kxe7 51. Nf5+ Kf6 52. Nxh6 Kg5 53. Ng8 Rg7 0-1

[Event "January 9 Late 2024"]
[Site "https://www.chess.com"]
[Date "2024.01.09"]
[Round "5"]
[White "Llorente Zaro, Alfonso"]
[Black "Kollars, Dmitrij"]
[Result "0-1"]
[Board "31"]
[TimeControl "180+1"]
[WhiteFideId "2254131"]
[BlackFideId "12909572"]
[WhiteElo "2696"]
[BlackElo "2964"]
[WhiteTeam "ESP"]
[BlackTeam "GER"]
[WhiteClock "0:00:00"]
[BlackClock "0:00:09"]

1. e4 e5 2. Nf3 Nc6 3. Nc3 Nf6 4. h3 g6 5. Bb5 Bg7 6. O-O O-O 7. Re1 Nd4 8. Nxe5 Nxb5 9. Nxb5 Re8 10. Nf3 Nxe4 11. d3 Nf6 12. Bg5 Rxe1+ 13. Qxe1 a6 14. Nc3 h6 15. Bh4 d6 16. Qd2 Qf8 17. Re1 Be6 18. Nd4 Bd7 19. Nb3 Re8 20. Rxe8 Qxe8 21. Qe3 Qe6 22. Nd4 Qe5 23. Qxe5 dxe5 24. Nf3 Nh5 25. Bd8 c6 26. Bc7 f6 27. Ne4 Nf4 28. Nc5 Bc8 29. Nd2 Bf8 30. Ndb3 Kf7 31. Kf1 g5 32. Na4 Nd5 33. Ba5 h5 34. a3 h4 35. Bd2 Be7 36. Nc3 Ke6 37. Nxd5 cxd5 38. c3 Bd7 39. Nc1 f5 40. f3 a5 41. Ke2 a4 42. c4 Bc6 43. Na2 dxc4 44. dxc4 Bc5 45. Nb4 Bd7 46. Nd3 Bd6 47. Bb4 Bc7 48. Nc5+ Ke7 49. Nxb7+ Kf7 50. Nc5 Bc6 51. Nd3 e4 52. Nf2 exf3+ 53. gxf3 Ke6 54. Bd2 Kf6 55. Bc3+ Kg6 56. Bd4 Bg3 57. Be3 Bd7 58. Bd4 Be6 59. c5 Bd7 60. Be3 f4 61. Bd4 Bxf2 62. Kxf2 Bxh3 63. c6 Bc8 64. c7 Kf5 65. Bc5 Bb7 66. Be7 Kg6 67. Bd8 Kh5 68. Be7 g4 0-1

[Event "January 9 Late 2024"]
[Site "https://www.chess.com"]
[Date "2024.01.09"]
[Round "5"]
[White "Sjugirov, Sanan"]
[Black "Tarhan, Adar"]
[Result "0-1"]
[Board "32"]
[TimeControl "180+1"]
[WhiteFideId "4189302"]
[BlackFideId "34544712"]
[WhiteElo "2956"]
[BlackElo "2704"]
[WhiteTeam "HUN"]
[BlackTeam "TUR"]
[WhiteClock "0:00:48"]
[BlackClock "0:00:06"]

1. e4 c6 2. d4 d5 3. e5 Bf5 4. Nf3 e6 5. Be2 h6 6. O-O Nd7 7. Nbd2 g5 8. Nb3 Ne7 9. a4 Bg7 10. a5 a6 11. Bd2 Ng6 12. Ne1 h5 13. Bd3 Bxd3 14. Nxd3 g4 15. Bb4 Bf8 16. Bxf8 Rxf8 17. Qd2 Rg8 18. Qb4 Rb8 19. Qd6 Qe7 20. Nbc5 Qxd6 21. exd6 Nxc5 22. Nxc5 Nf8 23. f4 Nd7 24. f5 Nxc5 25. dxc5 e5 26. f6 Rg5 27. Ra3 Kd7 28. Rb3 e4 29. Rf4 Re5 30. Kf2 d4 31. Ke2 Rxc5 32. Rxe4 Rxc2+ 33. Kd3 Rxg2 34. Rxd4 Rf2 35. Kc4 Rxf6 36. Rbd3 Re8 37. Rb3 Rb8 38. Rbd3 b5+ 39. Kb4 Re8 40. Kc5 Rb8 41. Kb4 Rf5 42. Re4 c5+ 43. Kc3 Re8 44. Rxe8 Kxe8 45. d7+ Kd8 46. Rd6 Rf3+ 47. Kc2 h4 48. Rxa6 g3 49. Rh6 g2 50. Rh8+ Kxd7 51. Rg8 Rg3 52. hxg3 g1=Q 53. a6 Qg2+ 54. Kb3 Qd5+ 55. Kc3 Qd4+ 56. Kc2 Qa4+ 57. Kd2 Qxa6 58. Ke3 Qh6+ 59. Ke4 Qh7+ 60. Kd5 Qxg8 61. gxh4 Qh7 62. h5 Qxh5+ 0-1

[Event "January 9 Late 2024"]
[Site "https://www.chess.com"]
[Date "2024.01.09"]
[Round "5"]
[White "Skvortsov, Andrei"]
[Black "Svane, Frederik"]
[Result "1/2-1/2"]
[Board "33"]
[TimeControl "180+1"]
[WhiteFideId "24108600"]
[BlackFideId "12923044"]
[WhiteElo "2685"]
[BlackElo "2955"]
[WhiteTeam "MNE"]
[BlackTeam "GER"]
[WhiteClock "0:00:02"]
[BlackClock "0:00:05"]

1. e4 c5 2. d4 cxd4 3. Qxd4 Nc6 4. Qd3 g6 5. Nc3 Bg7 6. Nf3 Nf6 7. Be2 O-O 8. O-O d6 9. Nd5 Nd7 10. c3 Nc5 11. Qc2 Bg4 12. Bg5 h6 13. Bh4 g5 14. Bg3 Bh5 15. Rfe1 Bg6 16. Bf1 e6 17. Nb4 d5 18. Nxc6 bxc6 19. Ne5 Bxe4 20. Qd1 Rc8 21. b4 Nd7 22. Nxd7 Qxd7 23. Rxe4 f5 24. Re2 f4 25. Rc1 fxg3 26. hxg3 Qf7 27. Qd3 e5 28. f3 c5 29. bxc5 Rxc5 30. Rec2 Rfc8 31. c4 Qc7 32. Qf5 e4 33. fxe4 dxc4 34. Qe6+ Kh7 35. Rxc4 Qxg3 36. e5 Qe3+ 37. Kh2 Bxe5+ 38. Kh1 Qxc1 39. Rxc1 Rxc1 40. Qf5+ Kg8 41. Qe6+ Kh7 42. Qf5+ Kg8 43. Qe6+ Kf8 44. Qxe5 Rxf1+ 45. Kh2 Rc6 46. Qb8+ Ke7 47. Qxa7+ Kd6 48. Qb8+ Kd7 49. Qb7+ Kd6 50. Qb4+ Kd7 51. Qd4+ Kc8 52. Qh8+ Kb7 53. Qb2+ Kc8 54. Qh8+ Kb7 55. Qd4 Rff6 56. a4 Ra6 57. Qd7+ Kb6 58. Qd5 Rc6 59. Qb5+ Kc7 60. Qe5+ Kd7 61. Qd5+ Ke7 62. Qe5+ Kf7 63. Qf5+ Kg7 64. Qe5+ Rf6 65. Qe7+ Rf7 66. Qe5+ Raf6 67. a5 Ra7 68. Qc5 Rfa6 69. Qe5+ Kg6 70. Qe4+ Kg7 71. Qe5+ Kf7 72. Qf5+ Ke7 73. Qe5+ Kd7 74. Qd5+ Ke8 75. Qe5+ Kf8 76. Qf5+ Kg8 77. Qd5+ Rf7 78. Qd8+ Kg7 79. Qd4+ Rff6 80. Qe5 Kg6 81. Qe4+ Kf7 82. Qb7+ Kg6 83. Qe4+ Kh5 84. Qe8+ Kg4 85. Qe2+ Kf5 86. Qd3+ Ke5 87. Qe3+ Kd5 88. Qd3+ Kc5 89. Qc3+ Kb5 90. Qc7 Rfc6 91. Qb7+ Kxa5 92. Qb3 Rab6 93. Qa3+ Kb5 94. Qd3+ Kc5 95. Qe3+ Kd6 96. Qd4+ Kc7 97. Qg7+ Kc8 98. Qf8+ Kb7 99. Qe7+ Rc7 100. Qe4+ Rbc6 101. Qb4+ Kc8 102. Qf8+ Kb7 103. Qb4+ Rb6 104. Qe4+ Ka7 105. Qa4+ Kb8 106. Qe8+ Rc8 107. Qe5+ Kb7 108. Qd5+ Rbc6 109. Qb5+ Kc7 110. Qe5+ Kd7 111. Qd5+ Ke7 112. Qe5+ Re6 113. Qg7+ Ke8 114. Qh8+ Kd7 115. Qd4+ Rd6 116. Qg7+ Kc6 117. Qc3+ Kb7 118. Qb2+ Rb6 119. Qg7+ Rc7 120. Qe5 Rc4 121. Qd5+ Rbc6 122. Qb5+ Kc7 123. Qe5+ Kb6 124. Qe3+ Kb5 125. Qb3+ Kc5 126. Qe3+ Kd5 127. Qd3+ Ke5 128. Qe3+ Re4 129. Qg3+ Rf4 130. Qe3+ Kf5 131. Qd3+ Kf6 132. Qd7 Re6 133. Qd8+ Kf7 134. Qd7+ Re7 135. Qd5+ Kg7 136. Qd6 Ref7 137. Qe5+ R7f6 138. Qe7+ Rf7 139. Qe5+ R4f6 140. g4 Kg6 141. Qe4+ Kg7 142. Qe5 Kg8 143. Qe8+ Rf8 144. Qe5 Rf4 145. Qe6+ Kg7 146. Qe5+ Kh7 147. Qe7+ R8f7 148. Qe6 R7f6 149. Qe7+ Rf7 150. Qe6 Kg7 151. Qe5+ R4f6 152. Kg2 h5 153. Qxg5+ Rg6 154. Qe5+ Kg8 155. Qxh5 Rfg7 156. Kh3 Kf8 157. Qf5+ Ke7 158. Kg3 Re6 159. Qc5+ Kf7 160. Qc8 Rg5 161. Qc7+ Re7 162. Qc4+ Kg6 163. Qd3+ Kg7 164. Qd4+ Kf7 165. Qf4+ Kg6 166. Qd6+ Kf7 167. Qf4+ Kg6 168. Qd4 Rge5 169. Kf4 Re1 170. Qd3+ Kg7 171. Kf3 R1e6 172. Qd4+ Kg6 173. Qd3+ Kg5 174. Qd5+ Kg6 175. Qf5+ Kh6 176. Qh5+ Kg7 177. Kg3 Re3+ 178. Kh4 R7e4 179. Qg5+ Kf7 180. Qd5+ Ke7 181. Qc5+ Ke6 182. Qc6+ Kf7 183. Kh5 Re5+ 184. g5 R5e4 185. Qf6+ Ke8 186. Qc6+ Ke7 187. Qc5+ Ke6 188. Qc6+ Kf5 189. Qd7+ Ke5 190. g6 Rf4 191. Kh6 Rg3 192. Qe7+ Kf5 193. Qf7+ Ke4 194. Qe6+ Kf3 195. Kh7 Rh4+ 196. Kg7 Rhg4 197. Kf7 Rf4+ 198. Kg7 Kg2 199. Kh7 Rh4+ 200. Kg7 Rd4 201. Qc6+ Rf3 202. Kh7 Rh4+ 203. Kg8 Rg4 204. g7 Kf2 205. Qb6+ Kg2 206. Qc6 Kf2 207. Kh7 Rh3+ 208. Kg8 Rhg3 209. Qb6+ Kg2 210. Qc6+ Kh2 211. Qd6 Rxg7+ 212. Kf8 Rg4 213. Qh6+ Kg2 214. Qd2+ Kh3 215. Qh6+ Rh4 216. Qe6+ Kh2 217. Qe5 Rg4 218. Kf7 Kh3 219. Qh8+ Kg2 220. Qb2+ Kh3 221. Qh8+ Rh4 222. Qe5 Rf3+ 223. Kg6 Rg4+ 224. Kh5 Rg2 225. Qe6+ Kh2 226. Kh4 Rfg3 227. Qe5 Rg1 228. Qf4 Rg2 229. Qe5 Kh1 230. Qxg3 Rh2+ 231. Qxh2+ Kxh2 1/2-1/2

[Event "January 9 Late 2024"]
[Site "https://www.chess.com"]
[Date "2024.01.09"]
[Round "5"]
[White "Baziuk, Vladyslav"]
[Black "Nguyen, Ngoc Truong Son"]
[Result "1/2-1/2"]
[Board "34"]
[TimeControl "180+1"]
[WhiteFideId "34107940"]
[BlackFideId "12401110"]
[WhiteElo "2677"]
[BlackElo "2948"]
[WhiteTeam "UKR"]
[BlackTeam "VIE"]
[WhiteClock "0:01:02"]
[BlackClock "0:00:09"]

1. e4 c5 2. Nf3 Nc6 3. Bb5 e6 4. O-O Nge7 5. Re1 a6 6. Bf1 e5 7. c3 d6 8. h3 g6 9. d4 exd4 10. cxd4 Bg7 11. Be3 O-O 12. Nc3 cxd4 13. Nxd4 Nxd4 14. Bxd4 Be6 15. Bxg7 Kxg7 16. Qd4+ Kg8 17. Rad1 Nc6 18. Qxd6 Qg5 19. f4 Qh4 20. f5 gxf5 21. exf5 Bxf5 22. Nd5 Rad8 23. Qc5 Be6 24. Nc3 Rxd1 25. Rxd1 Rd8 26. Rxd8+ Qxd8 27. Bxa6 bxa6 28. Qxc6 Qd4+ 29. Kh2 Qe5+ 30. Kg1 Qe1+ 31. Kh2 Qe5+ 32. Kg1 Qe1+ 33. Kh2 Qe5+ 1/2-1/2

[Event "January 9 Late 2024"]
[Site "https://www.chess.com"]
[Date "2024.01.09"]
[Round "5"]
[White "Daneshvar, Bardiya"]
[Black "Niedbala, Bartlomiej"]
[Result "0-1"]
[Board "35"]
[TimeControl "180+1"]
[WhiteFideId "12576468"]
[BlackFideId "21834008"]
[WhiteElo "2938"]
[BlackElo "2675"]
[WhiteTeam "IRI"]
[BlackTeam "POL"]
[WhiteClock "0:00:18"]
[BlackClock "0:00:18"]

1. b3 d5 2. Bb2 Bf5 3. d3 e6 4. Nd2 a5 5. e4 Bg6 6. h4 h5 7. Ne2 Nc6 8. Nf4 Nge7 9. a3 e5 10. Nxg6 Nxg6 11. exd5 Qxd5 12. Qf3 Qxf3 13. Nxf3 f6 14. g3 Bc5 15. Bh3 Rd8 16. Ke2 Kf7 17. c3 Rhe8 18. Nd2 Nge7 19. b4 Ba7 20. b5 Nb8 21. Nc4 a4 22. Bg2 Nd5 23. Ne3 c6 24. Nxd5 cxd5 25. c4 e4 26. dxe4 dxc4 27. Rhc1 Bxf2 28. Bxf6 gxf6 29. Kxf2 Rd2+ 30. Kg1 Rc8 31. e5 Rg8 32. Bxb7 Rxg3+ 33. Kf1 Nd7 34. exf6 Ne5 35. Re1 Ng4 36. Re2 Rd4 37. Rg2 Rb3 38. Kg1 Rxb5 39. Bc6 Ra5 40. Re1 Kxf6 41. Rge2 Re5 42. Bxa4 c3 43. Bc2 Rd2 44. Rf1+ Ke7 45. Rxd2 cxd2 46. Rd1 Re1+ 47. Kg2 Rxd1 48. Bxd1 Ne3+ 49. Kf2 Nxd1+ 50. Ke2 Ne3 51. Kxd2 Nf5 52. a4 Kd6 53. Kd3 Nxh4 54. Ke4 Ng6 55. Kf5 h4 56. Kg4 Kc6 57. Kh3 Kb6 58. Kg4 Ka5 59. Kh3 Kxa4 60. Kg4 Kb4 61. Kh3 Kc5 62. Kg4 Kd4 63. Kh3 Ke5 64. Kg4 Kf6 65. Kh3 Kg5 66. Kg2 Kg4 67. Kh2 Nf4 68. Kg1 Kg3 69. Kh1 h3 70. Kg1 Nd3 71. Kh1 Nf2+ 72. Kg1 h2+ 0-1

[Event "January 9 Late 2024"]
[Site "https://www.chess.com"]
[Date "2024.01.09"]
[Round "5"]
[White "Rosen, Eric"]
[Black "Aravindh, Chithambaram VR."]
[Result "0-1"]
[Board "36"]
[TimeControl "180+1"]
[WhiteFideId "2032562"]
[BlackFideId "5072786"]
[WhiteElo "2672"]
[BlackElo "2931"]
[WhiteTeam "USA"]
[BlackTeam "IND"]
[WhiteClock "0:00:04"]
[BlackClock "0:00:04"]

1. e4 Nf6 2. e5 Nd5 3. d4 d6 4. Nf3 dxe5 5. Nxe5 c6 6. Be2 Bf5 7. c4 Nb4 8. g4 Bxb1 9. Rxb1 Qxd4 10. Qxd4 Nc2+ 11. Kf1 Nxd4 12. Be3 Nxe2 13. Kxe2 f6 14. Nd3 e5 15. f4 exf4 16. Bxf4 Nd7 17. b4 Kf7 18. b5 cxb5 19. Rxb5 b6 20. Rd5 Re8+ 21. Kf3 Nc5 22. Nb4 g5 23. Bg3 h5 24. Nc6 hxg4+ 25. Kxg4 Kg6 26. Rf1 Re4+ 27. Kf3 Rxc4 28. Nxa7 Ne4 29. Nb5 Bc5 30. Re1 g4+ 31. Ke2 Nxg3+ 32. hxg3 Re4+ 33. Kd1 Rxe1+ 34. Kxe1 Rh1+ 35. Ke2 Rh2+ 36. Kd3 Rg2 37. Ke4 Rxg3 38. Kf4 Rg2 39. a4 g3 40. a5 Rb2 41. Kxg3 Rxb5 42. a6 Bf2+ 43. Kf3 Rxd5 44. a7 Ra5 45. Kg2 Rxa7 46. Kh1 Ra2 47. Kg2 Kf5 48. Kh1 Kg4 49. Kg2 Bg3+ 50. Kh1 Kf3 0-1

[Event "January 9 Late 2024"]
[Site "https://www.chess.com"]
[Date "2024.01.09"]
[Round "5"]
[White "Kleiman, Jake"]
[Black "Matlakov, Maxim"]
[Result "0-1"]
[Board "37"]
[TimeControl "180+1"]
[WhiteFideId "2020041"]
[BlackFideId "4168003"]
[WhiteElo "2672"]
[BlackElo "2928"]
[WhiteTeam "USA"]
[BlackTeam "RUS"]
[WhiteClock "0:00:11"]
[BlackClock "0:00:08"]

1. e4 e5 2. Nf3 Nc6 3. Bc4 Nf6 4. d3 Be7 5. O-O O-O 6. Re1 d6 7. a4 Be6 8. Nc3 a5 9. Nd5 Bxd5 10. exd5 Nb4 11. d4 Nbxd5 12. dxe5 dxe5 13. Nxe5 c6 14. c3 Qc7 15. Bg5 Bd6 16. Nf3 h6 17. Bh4 Rfe8 18. Qc2 Qb6 19. Nd4 Qc7 20. Bxf6 Nxf6 21. g3 Bc5 22. Nb3 Bb6 23. Qf5 Re7 24. Kg2 Rae8 25. Rxe7 Rxe7 26. Rd1 h5 27. h3 Kf8 28. Nd4 Re5 29. Qf3 Qc8 30. Bb3 Bd8 31. Rd3 g6 32. Re3 Rxe3 33. Qxe3 Kg7 34. Qf3 Qd7 35. Bc4 Bb6 36. Nb3 Qe7 37. Qe2 Qd6 38. Qd3 Qe5 39. Qe2 Qf5 40. Kg1 Ne4 41. Bd3 Qxf2+ 42. Qxf2 Nxf2 43. Bc2 Nd3+ 44. Kf1 Nxb2 45. Nd2 Be3 46. Ne4 b5 47. axb5 cxb5 48. Bb3 a4 49. Ba2 Nc4 50. Ke2 Bb6 51. Kd3 Ne5+ 52. Ke2 Bc7 53. g4 hxg4 54. hxg4 Nxg4 55. Bd5 Nf6 56. Nxf6 Kxf6 57. Bc6 a3 58. Bd5 Ke7 59. Kd3 f5 60. Bb3 g5 0-1

[Event "January 9 Late 2024"]
[Site "https://www.chess.com"]
[Date "2024.01.09"]
[Round "5"]
[White "Boyer, Mahel"]
[Black "Indjic, Aleksandar"]
[Result "1-0"]
[Board "38"]
[TimeControl "180+1"]
[WhiteFideId "45102422"]
[BlackFideId "911925"]
[WhiteElo "2672"]
[BlackElo "2927"]
[WhiteTeam "FRA"]
[BlackTeam "SRB"]
[WhiteClock "0:00:08"]
[BlackClock "0:00:03"]

1. e4 d5 2. exd5 Qxd5 3. Nc3 Qa5 4. a3 Nf6 5. b4 Qb6 6. d4 c6 7. Bc4 Bf5 8. Nf3 e6 9. O-O Bd6 10. Bb3 Qc7 11. Ne2 Bg4 12. Ng3 Nbd7 13. h3 Bxf3 14. Qxf3 b5 15. a4 Nb6 16. Bg5 Nfd5 17. a5 Nd7 18. c3 O-O 19. Nh5 Rfe8 20. Rae1 Bf8 21. Re4 g6 22. Nf4 Bg7 23. Rfe1 Rec8 24. Nxe6 fxe6 25. Rxe6 Kh8 26. Bxd5 cxd5 27. Qxd5 Nf8 28. Re7 Qc4 29. Qb7 Qg8 30. Bf4 Bf6 31. Rf7 g5 32. Bg3 Rab8 33. Bxb8 Rxb8 34. Qxb8 Qxf7 35. Qxb5 Kg7 36. a6 Qa2 37. Qb7+ Kg6 38. Qxa7 Ne6 39. Qb7 Nf4 40. a7 Nd3 41. Rf1 1-0

[Event "January 9 Late 2024"]
[Site "https://www.chess.com"]
[Date "2024.01.09"]
[Round "5"]
[White "Sargsyan, Shant"]
[Black "Msellek, Ilyass"]
[Result "0-1"]
[Board "39"]
[TimeControl "180+1"]
[WhiteFideId "13306766"]
[BlackFideId "675938"]
[WhiteElo "2926"]
[BlackElo "2671"]
[WhiteTeam "ARM"]
[BlackTeam "MAR"]
[WhiteClock "0:00:00"]
[BlackClock "0:00:14"]

1. g3 Nf6 2. Bg2 g6 3. c4 Bg7 4. Nc3 O-O 5. Nf3 d6 6. O-O e5 7. d4 Nbd7 8. h3 exd4 9. Nxd4 Re8 10. Qc2 Nb6 11. b3 c5 12. Nf3 Bf5 13. Qd2 d5 14. g4 Ne4 15. Nxe4 dxe4 16. Nh2 Bxa1 17. gxf5 gxf5 18. Qf4 Qf6 19. Qc7 Be5 20. Qxc5 Rac8 21. Qe3 Qd6 22. Qg5+ Kh8 23. f4 Bd4+ 24. e3 Bf6 25. Qxf5 Rc5 26. Qg4 Rg8 27. Qe2 Qd3 28. Qf2 h5 29. Re1 Nd5 30. Nf1 Ne7 31. Bb2 Rc6 32. Kh2 Nf5 33. Bxf6+ Rxf6 34. Nd2 Ng3 35. Nf1 Rfg6 36. Nxg3 Rxg3 37. Qxg3 Rxg3 38. Kxg3 Qd2 39. Rf1 Qxe3+ 40. Kh2 h4 41. f5 Qg3+ 42. Kg1 e3 43. Rf3 e2 0-1

[Event "January 9 Late 2024"]
[Site "https://www.chess.com"]
[Date "2024.01.09"]
[Round "5"]
[White "Sherman, Raem"]
[Black "Ibarra Jerez, Jose Carlos"]
[Result "1-0"]
[Board "40"]
[TimeControl "180+1"]
[WhiteFideId "2822288"]
[BlackFideId "2226332"]
[WhiteElo "2656"]
[BlackElo "2923"]
[WhiteTeam "ISR"]
[BlackTeam "ESP"]
[WhiteClock "0:00:22"]
[BlackClock "0:00:00"]

1. e4 c5 2. Nf3 Nc6 3. d4 cxd4 4. Nxd4 e5 5. Nb5 d6 6. N1c3 a6 7. Na3 Be6 8. Nc4 Rb8 9. Ne3 Nf6 10. Bd3 g6 11. O-O Bg7 12. Ncd5 O-O 13. a4 Nd7 14. c3 Bh6 15. Nc4 Bxc1 16. Rxc1 Bxd5 17. exd5 Ne7 18. Nxd6 Nc5 19. Ne4 Nxe4 20. Bxe4 f5 21. d6 Nc8 22. Qd5+ Kg7 23. Qxe5+ Qf6 24. Qxf6+ Kxf6 25. d7 Nb6 26. Rfd1 Ke7 27. Bf3 Nxa4 28. b4 Rfd8 29. Re1+ Kf6 30. Bd5 Rxd7 31. Bb3 Nb2 32. Rb1 Nd3 33. Re6+ Kg7 34. Rd1 Rbd8 35. g3 Kf8 36. h4 a5 37. bxa5 Nc5 38. Rxd7 Rxd7 39. Rb6 Rd3 40. Bc4 Rxc3 41. Bd5 Rc1+ 42. Kg2 Ra1 43. Rb5 Rc1 44. Bxb7 Nxb7 45. Rxb7 1-0

[Event "January 9 Late 2024"]
[Site "https://www.chess.com"]
[Date "2024.01.09"]
[Round "5"]
[White "Livaic, Leon"]
[Black "Vestby-Ellingsen, Mads"]
[Result "1/2-1/2"]
[Board "41"]
[TimeControl "180+1"]
[WhiteFideId "14531534"]
[BlackFideId "1520857"]
[WhiteElo "2893"]
[BlackElo "2657"]
[WhiteTeam "CRO"]
[BlackTeam "NOR"]
[WhiteClock "0:00:06"]
[BlackClock "0:00:05"]

1. d4 Nf6 2. c4 e6 3. Nf3 d5 4. Nc3 c6 5. Bg5 h6 6. Bxf6 Qxf6 7. Qc2 Qd8 8. e4 dxe4 9. Qxe4 Nd7 10. Bd3 Nf6 11. Qe2 Bb4 12. O-O O-O 13. Rad1 Qc7 14. Ne4 Nxe4 15. Qxe4 f5 16. Qe2 Be7 17. c5 Bf6 18. Bc4 Kh8 19. Ne5 Kh7 20. Rfe1 g6 21. Qf3 Qg7 22. Qb3 Rd8 23. Nf3 Bxd4 24. Nxd4 Rxd4 25. Rxd4 Qxd4 26. Bxe6 Qg7 27. Bg8+ Kh8 28. Re8 Be6 29. Rxe6 Rxg8 30. h3 Rd8 31. Qe3 Rd7 32. h4 Kh7 33. h5 gxh5 34. Qf4 Rf7 35. Re8 Qf6 36. g3 Qxb2 37. Qb8 Qg7 38. Qxa7 f4 39. Qa3 fxg3 40. Qxg3 Qxg3+ 41. fxg3 Rf5 42. Re7+ Kg6 43. Rxb7 Rxc5 44. a4 Rc3 45. Kg2 Rc4 46. a5 h4 47. gxh4 Rxh4 48. a6 Ra4 49. a7 h5 50. Rc7 Kg5 51. Rg7+ Kh4 52. Rd7 Ra2+ 53. Kf3 Kg5 54. Rc7 Kf5 55. Rh7 Ra3+ 56. Ke2 Ke5 57. Kd2 Kd4 58. Kc2 Ra6 59. Kb3 Kc5 60. Kc3 Ra3+ 61. Kb2 Ra6 62. Rb7 Kc4 63. Kc2 c5 64. Kd2 h4 65. Rh7 Ra2+ 66. Kc1 Kc3 67. Kb1 Ra4 68. Rxh4 Rxa7 69. Rh3+ Kb4 70. Kb2 Rf7 71. Rh4+ c4 72. Rh3 Rf2+ 73. Kc1 Re2 74. Rg3 Ra2 75. Rh3 Ra7 76. Rg3 Ra1+ 77. Kb2 Rd1 78. Kc2 Rf1 79. Rh3 Rg1 80. Rf3 Rg2+ 81. Kc1 Ra2 82. Rh3 Ra3 83. Rxa3 Kxa3 84. Kc2 c3 85. Kxc3 1/2-1/2